 Dungeon Crawl Stone Soup version 0.27.0-65-ge2af304b15 (webtiles) character file.

Game seed: 9245800954208118359

18 greenlake the Conjurer (level 2, -1/19 HPs)
             Began as a Human Conjurer on Aug 18, 2021.
             Slain by a hobgoblin (5 damage)
             ... on level 1 of the Dungeon.
             The game lasted 00:04:13 (1601 turns).

greenlake the Conjurer (Human Conjurer)             Turns: 1601, Time: 00:04:15

Health: -1/19      AC:  2    Str:  7    XL:     2   Next: 85%
Magic:  2/5        EV: 12    Int: 18    God:
Gold:   35         SH:  0    Dex: 11    Spells: 5/6 levels left

rFire    . . .     SeeInvis .   b - +0 dagger
rCold    . . .     Faith    .   (no shield)
rNeg     . . .     Spirit   .   a - +0 robe
rPois    .         Reflect  .   (no helmet)
rElec    .         Harm     .   (no cloak)
rCorr    .         Rampage  .   (no gloves)
Will     .....                  (no boots)
Stlth    ++........             (no amulet)
HPRegen  0.06/turn              (no ring)
MPRegen  0.09/turn              (no ring)

@: no status effects
A: no striking features
a: no special abilities


You were on level 1 of the Dungeon.
You visited 1 branch of the dungeon, and saw 2 of its levels.

You collected 35 gold pieces.

Inventory:

Hand Weapons
 b - a +0 dagger (weapon)
Armour
 a - a +0 robe (worn)
Scrolls
 d - a scroll of identify {unknown}
 e - a scroll of amnesia {unknown}
Potions
 c - a potion of magic {unknown}
 f - a potion of berserk rage {unknown}


   Skills:
 - Level 2.0 Dodging
 - Level 2.0 Stealth
 + Level 2.5 Spellcasting
 + Level 4.3 Conjurations


You had 5 spell levels left.
You knew the following spells:

 Your Spells              Type           Power      Damage    Failure   Level
a - Magic Dart            Conj           72%        1d6       2%          1

Your spell library contained the following spells:

 Spells                   Type           Power      Damage    Failure   Level
 Searing Ray              Conj           36%        3d4       4%          2
 Freeze                   Ice            8%         1d3       17%         1
 Dazzling Flash           Conj/Hex       20%        N/A       22%         3
 Fulminant Prism          Conj/Hex       5%         3d7       56%         4
 Iskenderun's Mystic Bla  Conj/Tloc      10%        2d4       56%         4


Dungeon Overview and Level Annotations

Branches:
Dungeon (2/15)

Altars:

Shops:
D:1 !

Annotations:
D:2 Natasha


Message History

There is an open door here.
The hobgoblin shouts!
Natasha casts a spell at you. The magic dart hits you!
Ouch! That really hurt!
Natasha mumbles some strange words.
The hobgoblin barely misses you.
Natasha wildly gestures.
You feel troubled.
There is a stone staircase leading up, spattered with blood here.
The hobgoblin closely misses you. Natasha claws you.
You climb upwards.
There is a stone staircase leading down here.
The hobgoblin hits you.
* * * LOW HITPOINT WARNING * * *
Casting: Magic Dart (safe; 2% risk of failure)
Confirm with . or Enter, or press ? or * to list all spells.
Aiming: Magic Dart (safe; 2% risk of failure)
Press: ? - help, Shift-Dir - straight line, f - hobgoblin
Aim: a hobgoblin (100% to hit)
The magic dart hits the hobgoblin.
The hobgoblin is lightly wounded.
The hobgoblin closely misses you.
Casting: Magic Dart (safe; 2% risk of failure)
Confirm with . or Enter, or press ? or * to list all spells.
Aiming: Magic Dart (safe; 2% risk of failure)
Press: ? - help, Shift-Dir - straight line, f/p - hobgoblin
Aim: a hobgoblin (lightly wounded, 100% to hit)
The magic dart hits the hobgoblin.
The hobgoblin is severely wounded.
The hobgoblin barely misses you.
Casting: Magic Dart (safe; 2% risk of failure)
Confirm with . or Enter, or press ? or * to list all spells.
Aiming: Magic Dart (safe; 2% risk of failure)
Press: ? - help, Shift-Dir - straight line, f/p - hobgoblin
Aim: a hobgoblin (severely wounded, 100% to hit)
The magic dart hits the hobgoblin.
The hobgoblin is almost dead.
The hobgoblin hits you.
You die...

###### #....# #.##.# ####.##.#
############....##.###
................@g..>#
##.........#.#######.#
#.#######.#.##### #.#
#...#.....#.#...# #.#
####.#.#...#.#...# #.#
.......#.#.#.#...# #.#
#####....###.#...# #.#
....####.....#...###'#########
.......####..#...##..........#


You could see a hobgoblin.

Vanquished Creatures
  A dart slug (D:2)
  An endoplasm (D:1)
  A goblin (D:2)
  3 quokkas
  A ball python (D:1)
  A frilled lizard (D:1)
  3 kobolds
  6 rats
17 creatures vanquished.

Notes
Turn   | Place    | Note
-------+----------+-------------------------------------------
     0 | D:1      | greenlake the Human Conjurer began the quest for the Orb.
     0 | D:1      | Reached XP level 1. HP: 13/13 MP: 3/3
   277 | D:1      | Found Caisar's Distillery.
   464 | D:1      | Found a faded altar of an unknown god.
   472 | D:1      | Got Plato's Disquisition on the Snowflakes
   523 | D:1      | Reached XP level 2. HP: 5/19 MP: 3/5
  1579 | D:2      | Noticed Natasha
  1589 | D:2      | Noticed a crimson imp
  1601 | D:1      | Slain by a hobgoblin

Illustrated notes

Levels and vault maps discovered:
D:1:      dpeg_arrival_circle_labyrinth_a, layout_basic, serial_shops, shop,
          shapermc_ecumenical_altar_rom_forum
D:2:      layout_basic, minmay_between, uniq_natasha, uniq_sigmund

Action                   || total
-------------------------++-------
Melee: Dagger            ||    42
 Cast: Magic Dart        ||    23
 Stab: Sleeping          ||     1
Armor: Robe              ||    10
Dodge: Dodged            ||    28
